 Dungeon Crawl Stone Soup version 0.27.1-3-gb3d3a73c9e (webtiles) character file.

Game seed: 6742150692752974091

2280 CuBeRJAN3 the Thaumaturge (level 9, 0/54 HPs)
             Began as a Deep Elf Fire Elementalist on Oct 7, 2021.
             Was a Follower of Vehumet.
             Killed from afar by a manticore (21 damage)
             ... with a volley of spikes
             ... on level 7 of the Dungeon.
             The game lasted 00:27:09 (8347 turns).

CuBeRJAN3 the Thaumaturge (DEFE)                    Turns: 8347, Time: 00:27:09

Health: 0/54       AC:  6    Str:  5    XL:     9   Next: 16%
Magic:  16/23      EV:  9    Int: 24    God:    Vehumet [*.....]
Gold:   422        SH:  5    Dex: 15    Spells: 14/25 levels left

rFire    . . .     SeeInvis .   o - +2 dagger (venom)
rCold    . . .     Faith    .   (no shield)
rNeg     . . .     Spirit   .   c - +0 ring mail of Giol {Harm rPois Will- Regen+}
rPois    +         Reflect  +   (no helmet)
rElec    .         Harm     +   (no cloak)
rCorr    .         Rampage  .   (no gloves)
Will     .....                  d - +0 pair of boots
Stlth    +++.......             n - amulet of reflection
HPRegen  1.18/turn              h - ring of wizardry
MPRegen  0.18/turn              (no ring)

@: spiked
A: no striking features
a: Renounce Religion


You were on level 7 of the Dungeon.
You worshipped Vehumet.
Vehumet was aware of your devotion.
You visited 2 branches of the dungeon, and saw 8 of its levels.

You collected 422 gold pieces.

Inventory:

Hand Weapons
 o - a +2 dagger of venom (weapon)
Armour
 a - a +0 robe
 c - the +0 ring mail of Giol (worn) {Harm rPois Will- Regen+}
   (You found it on level 4 of the Dungeon)

   rPois:     It protects you from poison.
   Regen:     It increases your rate of health regeneration.
   Harm:      It increases damage dealt and taken.
   Will:      It decreases your willpower.
 d - a +0 pair of boots (worn)
Jewellery
 h - a ring of wizardry (left hand)
 n - an amulet of reflection (around neck)
Wands
 r - a wand of flame (14)
 v - a wand of mindburst (15)
 w - a wand of digging (7)
Scrolls
 e - a scroll of blinking
 j - 2 scrolls of silence {unknown}
 k - 2 scrolls of magic mapping
 l - a scroll of fog {unknown}
 p - a scroll of teleportation {unknown}
 t - a scroll of holy word {unknown}
 u - a scroll of noise
 x - a scroll of amnesia {unknown}
Potions
 b - 2 potions of flight
 f - a potion of brilliance
 g - a potion of haste
 i - a potion of resistance {unknown}
 m - 4 potions of curing
 q - a potion of heal wounds {unknown}
 s - 2 potions of lignification


   Skills:
 * Level 5.0 Fighting
 - Level 2.4 Dodging
 + Level 5.9 Stealth
 * Level 8.6 Spellcasting
 + Level 4.5 Conjurations
 + Level 5.3 Hexes
 + Level 5.8 Fire Magic


You had 14 spell levels left.
You knew the following spells:

 Your Spells              Type           Power      Damage    Failure   Level
a - Foxfire               Conj/Fire      100%       2x1d9     1%          1
b - Conjure Flame         Conj/Fire      35%        6-21      4%          3
c - Inner Flame           Hex/Fire       37%        N/A       3%          3
d - Sticky Flame          Conj/Fire      35%        2d5       14%         4

Your spell library contained the following spells:

 Spells                   Type           Power      Damage    Failure   Level
 Freeze                   Ice            40%        1d6       12%         1
 Magic Dart               Conj           100%       1d8       1%          1
 Static Discharge         Conj/Air       21%        N/A       7%          2
 Apportation              Tloc           20%        N/A       12%         1
 Call Imp                 Summ           10%        N/A       17%         2
 Corpse Rot               Necr/Air       N/A        N/A       17%         2
 Poisonous Vapours        Pois/Air       20%        N/A       17%         2
 Mephitic Cloud           Conj/Pois/Air  17%        N/A       19%         3
 Fireball                 Conj/Fire      17%        3d9       34%         5
 Hailstorm                Conj/Ice       21%        3d6       41%         4
 Dispel Undead            Necr           10%        3d9       71%         4
 Ice Form                 Ice/Tmut       10%        N/A       71%         4
 Freezing Cloud           Conj/Ice/Air   8%         6-21      83%         5
 Invisibility             Hex            18%        N/A       86%         6
 Alistair's Intoxication  Tmut/Pois      6%         N/A       96%         5
 Simulacrum               Ice/Necr       5%         N/A       100%        6


Dungeon Overview and Level Annotations

Branches:
Dungeon (7/15)             Temple (1/1) D:4

Altars:
Ashenzari
Cheibriados
Dithmenos
Elyvilon
Fedhas
Gozag
Kikubaaqudgha
Makhleb
Nemelex Xobeh
Okawaru
Qazlal
Ru
Sif Muna
Trog
Uskayaw
Vehumet
Wu Jian
Xom
Yredelemnul
The Shining One

Shops:
D:5 (

Annotations:
D:5 exclusion: door


Message History

The barbed spikes dig painfully into your body as you move.
The manticore flicks its tail.
The volley of spikes hits you!
The barbed spikes become lodged in your body.
The fire ignites!
The barbed spikes dig painfully into your body as you move.
The barbed spikes dig painfully into your body as you move.
Casting: Conjure Flame (dangerous; 4% risk of failure)
Confirm with . or Enter, or press ? or * to list all spells.
Aiming: Inner Flame (dangerous; 3% risk of failure)
Press: ? - help, Shift-Dir - straight line, f - manticore
Aim: a manticore (chance to affect: 77%)
The manticore is filled with an inner flame.
Casting: Foxfire (safe; 1% risk of failure)
Press: ? - help, Q - select action, (/) - cycle Dir - look around, f - activate You conjure some foxfire!
The manticore flicks its tail.
The volley of spikes reflects off an invisible shield around you!
The volley of spikes hits the manticore.
Flame seeps out of the manticore.
Casting: Foxfire (safe; 1% risk of failure)
Press: ? - help, Q - select action, (/) - cycle Dir - look around, f - activate You conjure some foxfire!
The foxfire hits the manticore.
Flame seeps out of the manticore.
The manticore is lightly wounded.
The manticore is engulfed in blazing flames.
Flame seeps out of the manticore. x2
The barbed spikes dig painfully into your body as you move.
The foxfire hits the manticore but does no damage.
The manticore is heavily wounded.
The foxfire hits the manticore.
Flame seeps out of the manticore.
The manticore is severely wounded.
The foxfire hits the manticore.
Flame seeps out of the manticore.
The manticore is severely wounded.
The manticore is engulfed in blazing flames.
Flame seeps out of the manticore.
The manticore flicks its tail.
The volley of spikes hits you!!
The barbed spikes become lodged in your body.
You die...

###+###+## ......$..# '
#........# # #........#
# #......@§# #
#.....§.§# # ......§§##
# #######§#
#############
######H####............
.......°................
#######..###.#######.###
##.# #.###.....### #..
#............


You could see a manticore (inner flame, skewered).

Vanquished Creatures
  3 water moccasins
  An orc warrior (D:6)
  2 black bears
  3 necrophages
  2 ogres
  A phantom (D:5)
  3 centaurs
  2 bullfrogs (D:7)
  2 scorpions
  A howler monkey (D:3)
  2 centaur zombies
  A bullfrog zombie (D:6)
  A hound (D:7)
  An orc priest (D:5)
  Natasha (thrice) (D:4)
  Terence (D:3)
  2 iguanas
  5 orc wizards
  A killer bee zombie (D:4)
  A gnoll (D:5)
  6 adders
  A river rat (D:3)
  A white imp (D:7)
  An adder skeleton (D:4)
  7 worms
  2 dart slugs (D:2)
  28 orcs
  7 ball pythons
  6 endoplasms
  3 giant cockroaches
  5 hobgoblins
  3 kobolds
  2 quokkas
  2 bats (D:3)
  6 frilled lizards
  8 goblins
  6 rats
132 creatures vanquished.

Vanquished Creatures (others)
  502 foxfires
  5 fungi (D:3)
507 creatures vanquished.

Grand Total: 639 creatures vanquished

Notes
Turn   | Place    | Note
-------+----------+-------------------------------------------
     0 | D:1      | CuBeRJAN3 the Deep Elf Fire Elementalist began the quest
                  | for the Orb.
     0 | D:1      | Reached XP level 1. HP: 10/10 MP: 6/6
   480 | D:1      | Reached XP level 2. HP: 16/16 MP: 4/8
   987 | D:2      | Reached skill level 1 in Fighting
   987 | D:2      | Reached skill level 1 in Hexes
  1170 | D:2      | Reached XP level 3. HP: 10/20 MP: 5/10
  1588 | D:2      | Learned a level 3 spell: Conjure Flame
  1592 | D:2      | Learned a level 3 spell: Inner Flame
  1945 | D:2      | Reached skill level 4 in Spellcasting
  1945 | D:2      | Reached XP level 4. HP: 24/25 MP: 9/12
  2695 | D:3      | Noticed Terence
  2714 | D:3      | Killed Terence
  2729 | D:3      | Reached XP level 5. HP: 30/30 MP: 3/13
  2834 | D:3      | Found a faded altar of an unknown god.
  3474 | D:3      | Found a radiant altar of Vehumet.
  3488 | D:3      | Became a worshipper of Vehumet
  3953 | D:4      | Noticed Natasha
  4123 | D:4      | Killed Natasha
  4184 | D:4      | Identified the +0 ring mail of Giol {Harm rPois Will-
                  | Regen+}
  4204 | D:4      | Found a staircase to the Ecumenical Temple.
  4204 | D:4      | Noticed a necrophage
  4291 | D:3      | Killed a necrophage
  4292 | D:3      | Reached skill level 5 in Spellcasting
  4292 | D:3      | Reached XP level 6. HP: 35/36 MP: 0/15
  4480 | Temple   | Entered the Ecumenical Temple
  5262 | D:4      | Noticed Natasha
  5268 | D:4      | Killed Natasha
  5282 | D:4      | Reached XP level 7. HP: 40/40 MP: 9/17
  5306 | D:4      | Noticed Natasha
  5310 | D:4      | Killed Natasha
  5438 | D:4      | Learned a level 4 spell: Sticky Flame
  5862 | D:5      | Entered Level 5 of the Dungeon
  5862 | D:5      | Found a sparkling altar of Nemelex Xobeh.
  6054 | D:5      | Reached skill level 6 in Spellcasting
  6295 | D:5      | Found a hide-covered altar of Uskayaw.
  6295 | D:5      | Noticed a +0 falchion
  6295 | D:5      | Noticed a +0 spear
  6295 | D:5      | Noticed a +0 short sword
  6365 | D:5      | Noticed a +0 spear
  6365 | D:5      | Noticed a +0 dagger
  6367 | D:5      | Noticed a +0 short sword
  6367 | D:5      | Noticed a +0 falchion
  6368 | D:5      | Noticed a +0 dagger
  6606 | D:5      | Found Keuboelu's Firing Range.
  6753 | D:5      | Found a blossoming altar of Fedhas.
  6853 | D:5      | Found an opulent altar of Gozag.
  6858 | D:5      | Reached * piety under Vehumet
  6858 | D:5      | Offered knowledge of Freeze by Vehumet.
  7094 | D:6      | Reached XP level 8. HP: 13/48 MP: 13/20
  7112 | D:6      | Reached skill level 7 in Spellcasting
  7112 | D:6      | Reached skill level 5 in Fire Magic
  7152 | D:6      | Reached skill level 5 in Stealth
  7413 | D:6      | Reached skill level 8 in Spellcasting
  7562 | D:6      | Reached skill level 5 in Hexes
  7885 | D:7      | Reached XP level 9. HP: 39/53 MP: 17/23
  7941 | D:7      | Found a stormy altar of Qazlal.
  8023 | D:7      | Reached skill level 5 in Fighting
  8336 | D:7      | Noticed a manticore
  8347 | D:7      | Killed from afar by a manticore

Illustrated notes

Levels and vault maps discovered:
D:1:      scummos_arrival_simple_fountains, layout_basic
D:2:      layout_loops_cross, minmay_circled_x
D:3:      layout_loops_ring, mainiacjoe_overflow_chevrons,
          lightli_sewer_entry_pipes, hellmonk_ecumenical_altar_prayer_group,
          uniq_terence
D:4:      layout_loops_corners, minmay_temple_entry_offerings, minivault_5,
          minmay_misc_feat_more_columns, amcnicky_mini_pool_small, uniq_natasha
D:5:      layout_loops_ring, nemelex_xobeh_ov_fountains_minmay,
          nicolae_uskayaw_en_pointe, hangedman_feature_mirror,
          grunt_ministairs_3, nicolae_shop_firing_range
D:6:      layout_rooms
D:7:      layout_basic, nicolae_qazlal_style_of_elements, minmay_holes
Temple:   regret_index_temple_sphere_string

Skill      XL: |  1  2  3  4  5  6  7  8  9 |
---------------+----------------------------+-----
Fighting       | 1 2 3 4 5 |  5.0
Hexes          | 1 2 3 4 5 |  5.3
Spellcasting   | 4 5 6 8 |  8.6
Stealth        | 3 4 5 |  5.9
Conjurations   | 2 3 4 |  4.5
Fire Magic     | 4 5 |  5.8
Dodging        | |  2.4

Action                   |  1- 3 |  4- 6 |  7- 9 || total
-------------------------+-------+-------+-------++-------
Melee: Short sword       |     1 |       |       ||     1
       Dagger            |       |     5 |     5 ||    10
 Cast: Foxfire           |    75 |   103 |   135 ||   313
       Inner Flame       |       |     5 |    13 ||    18
       Conjure Flame     |       |     3 |     3 ||     6
       Sticky Flame      |       |       |     1 ||     1
  Use: Scroll            |       |     3 |     5 ||     8
Armor: Robe              |     4 |     9 |       ||    13
       Ring mail         |       |    14 |     4 ||    18
Dodge: Dodged            |    13 |    37 |     9 ||    59
Block: Other             |       |    16 |     5 ||    21
       Reflection        |       |       |     1 ||     1
